 Dungeon Crawl Stone Soup version 0.31.0-9-g3a7656b989 (webtiles) character file.

Game seed: 9596909833750438478

110607 Peloso the Tortoise (level 16, -9/157 HPs)
             Began as a Minotaur Fighter on Jan 28, 2024.
             Was a High Priest of Okawaru.
             Hit by a large rock thrown by a cyclops (29 damage)
             ... on level 13 of the Dungeon.
             The game lasted 01:09:22 (31755 turns).

Peloso the Tortoise (Minotaur Fighter)             Turns: 31755, Time: 01:09:22

Health: -9/157     AC: 21    Str: 22    XL:     16   Next: 7%
Magic:  0/17       EV: 11    Int:  5    God:    Okawaru [*****.]
Gold:   2124       SH: 10    Dex: 29    Spells: 15/15 levels left

rFire   . . .        a - +0 scimitar
rCold   + . .        c - +0 buckler
rNeg    + . .        H - +2 plate armour {rN+}
rPois   .            (helmet restricted)
rElec   .            E - +0 cloak {rCorr}
rCorr   +            (no gloves)
SInv    .            (no boots)
Will    +....        O - amulet "Ymoquely" {Spirit Fly rC+} Stlth
                     m - +6 ring of dexterity
HPRegen 0.46/turn    n - +6 ring of dexterity
MPRegen 0.15/turn

%: guardian spirit
@: lethally poisoned (-9 -> -17), flying
A: horns 2, retaliatory headbutt
a: Renounce Religion, Heroism, Finesse, Duel


You were on level 13 of the Dungeon.
You worshipped Okawaru.
Okawaru was extremely pleased with you.
You visited 4 branches of the dungeon, and saw 21 of its levels.
You also visited: Ice Cave.

You collected 2696 gold pieces.
You spent 572 gold pieces at shops.

Inventory:

Hand Weapons
 a - a +0 scimitar (weapon)
 b - the +7 mace "Spider's Nightmare" {flame, rPois}
   (You found it on level 11 of the Dungeon)

   rPois:     It protects you from poison
Armour
 c - a +0 buckler (worn)
 E - a +0 cloak of preservation (worn)
 H - a +2 plate armour of positive energy (worn)
Jewellery
 m - a +6 ring of dexterity (left hand)
 n - a +6 ring of dexterity (right hand)
 A - a ring of see invisible
 G - an amulet of regeneration
 O - the amulet "Ymoquely" (around neck) {Spirit Fly rC+}
   (You found it on level 4 of the Lair of Beasts)

   [amulet of guardian spirit]

   Spirit:    It causes incoming damage to be divided between your reserves of
   health and magic.
   rC+:       It protects you from cold.
   Fly:       It grants you flight.
Scrolls
 e - 2 scrolls of fog
 g - 8 scrolls of identify
 j - 3 scrolls of fear
 l - 4 scrolls of teleportation
 s - 3 scrolls of revelation
 t - 5 scrolls of immolation
 w - 4 scrolls of blinking
 V - a scroll of vulnerability
Potions
 d - 2 potions of might
 h - 7 potions of curing
 i - 4 potions of heal wounds
 k - a potion of berserk rage
 o - 2 potions of haste
 C - 4 potions of invisibility
 W - a potion of resistance


   Skills:
 + Level 17.8 Fighting
 + Level 17.3 Long Blades
 + Level 4.1 Maces & Flails
 + Level 18.0 Armour
 + Level 4.3 Dodging
 + Level 1.9 Stealth
 + Level 15.4 Shields
 + Level 3.1 Invocations
 + Level 2.4 Evocations


You had 15 spell levels left.
You didn't know any spells.
Your spell library contained the following spells:

 Spells                   Type           Power      Damage    Failure   Level
 Shock                    Conj/Air       0%         1d3       99%         1
 Ensorcelled Hibernation  Hex/Ice        0%         N/A       100%        2
 Fugue of the Fallen      Necr           0%         N/A       100%        3
 Gell's Gravitas          Tloc           0%         N/A       100%        3
 Passwall                 Erth           0%         N/A       100%        3
 Sigil of Binding         Hex            0%         N/A       100%        3
 Swiftness                Air            0%         N/A       100%        3
 Teleport Other           Tloc           0%         N/A       100%        3
 Volatile Blastmotes      Fire/Tloc      0%         2d10      100%        3
 Airstrike                Air            0%         2d(0-16)  100%        4
 Anguish                  Hex/Necr       0%         N/A       100%        4
 Fulminant Prism          Conj/Alch      0%         3d5       100%        4
 Iskenderun's Mystic Bla  Conj/Tloc      0%         2d3       100%        4
 Iskenderun's Battlesphe  Conj           0%         2d6       100%        5
 Bombard                  Conj/Erth      0%         9d1       100%        6
 Dispersal                Tloc           0%         N/A       100%        6
 Eringya's Noxious Bog    Alch           0%         4d6       100%        6
 Summon Forest            Summ/Tloc      Unusable   N/A       N/A         5
 Spellforged Servitor     Conj/Summ      Unusable   N/A       N/A         7
 Summon Hydra             Summ           Unusable   N/A       N/A         7

Dungeon Overview and Level Annotations

Branches:
Dungeon (13/15)            Temple (1/1) D:5            Lair (5/5) D:9
  Swamp (0/4) Lair:3        Snake (0/4) Lair:2        Slime (0/5) Lair:4
    Orc (2/2) D:12            Elf (0/3) Orc:2         IceCv (visited)
 Vaults: D:13-14

Altars:
Ashenzari
Cheibriados
Dithmenos
Elyvilon
Fedhas
Gozag
Hepliaklqana
Makhleb
Nemelex Xobeh
Okawaru
Qazlal
Ru
Sif Muna
Trog
Uskayaw
Vehumet
Wu Jian
Xom
Yredelemnul
Zin
The Shining One

Shops:
D:3 [   D:6 !   Orc:1 ?   Orc:2 !*!*

Portals:
Trove: D:11 (give 8 scrolls of fear)

Annotations:
D:10 exclusion: obsidian statue
D:13 Nessos
Lair:1 Casa
Orc:1 1 runed translucent door, TarVian's ghost, journeyman MiFi


Innate Abilities, Weirdness & Mutations

You have a pair of horns on your head.
You reflexively headbutt those who attack you in melee.


Message History

You slice Nessos!! You headbutt Nessos!
Nessos is almost dead.
You feel sick.
Nessos casts a spell.
Nessos blinks!
Nessos casts a spell.
Nessos blinks!
Two slime creatures merge to form a large slime creature.
You feel sick.
Nessos mumbles some strange words.
Nessos blinks!
You feel sick.
Nessos wields a +3 longbow of flaming.
It bursts into flame!
Nessos shoots an arrow.
The arrow hits you. The arrow burns you.
You are more poisoned.
Nessos mumbles some strange words.
Nessos blinks!
You feel very sick.
Nessos shoots an arrow.
The arrow hits you! The arrow burns you.
You are more poisoned.
Nessos shoots an arrow.
The arrow hits you!! The arrow burns you!
Nessos shoots an arrow.
The arrow hits you. The arrow burns you.
You are more poisoned.
You feel extremely sick.
Nessos shoots an arrow.
You block the arrow.
Nessos shoots an arrow.
The arrow hits you!!
* * * LOW HITPOINT WARNING * * *
The arrow burns you.
You are lethally poisoned!
* * * LOW HITPOINT WARNING * * *
You feel better.
Nessos shoots an arrow.
The arrow hits you!
* * * LOW HITPOINT WARNING * * *
The arrow burns you!
You are poisoned.
* * * LOW HITPOINT WARNING * * *
Nessos shoots an arrow.
You block the arrow. You block the slime creature's attack.
Unknown command.
You feel very sick.
The cyclops throws a large rock.
The large rock hits you!!
You die...

... ..§..........# ...
.§...........
.J##.......c....#
.cC......$......##
.J.........CJ....#
...<.............##
...........J......#
..............J...#
................@<#
.............##....#
....................#
.....................#
......?.....#..#....##
..........##.....#
..........##.###.#
.... .## ..


You could see Nessos (fast), a large slime creature, 2 slime creatures and a
cyclops.

Vanquished Creatures
  Rupert (D:12)
  A frost giant (IceCv)
  An orc warlord (Orc:2)
  3 entropy weavers (Lair:4)
  4 hydras (Lair:5)
  4 ghost crabs (Lair:4)
  A catoblepas (Lair:4)
  5 two-headed ogres
  A centaur warrior (D:12)
  13 death yaks
  A hell hog (Lair:5)
  4 orc high priests (Orc:2)
  Sonja (D:12)
  3 skysharks
  Lodul (D:11)
  5 fire crabs (Lair:4)
  4 lindwurms (Lair:2)
  Pikel (D:8)
  An arcanist (D:12)
  4 orc knights (Orc:2)
  3 necromancers (Orc:1)
  A wolf spider (Lair:5)
  An ugly thing (D:12)
  5 orc sorcerers (Orc:2)
  A salamander (Lair:2)
  A manticore (D:13)
  Maurice (D:12)
  2 kobold blastminers
  A guardian serpent (Lair:5)
  20 elephants
  10 black mambas
  An ice statue (IceCv)
  A torpor snail (Lair:5)
  A smoke demon (Lair:4)
  3 gargoyles
  Jeremiah (D:9)
  An unseen horror (D:12)
  A rime drake (Lair:5)
  13 cane toads
  A kobold demonologist (D:11)
  19 komodo dragons
  2 ice devils (Lair:5)
  A queen bee (Lair:1)
  6 trolls
  21 polar bears
  4 blink frogs (Lair:4)
  Prince Ribbit (D:9)
  3 hornets
  A raiju (Lair:5)
  A shadow (D:10)
  A wraith (D:7)
  3 vampires
  14 wyverns
  A water elemental (D:12)
  2 ettin skeletons (Orc:1)
  77 yaks
  5 basilisks
  11 wargs
  4 redbacks (Lair:5)
  10 vampire mosquitoes
  An acid dragon (D:12)
  Duvessa (D:6)
  19 water moccasins
  16 hell hounds (Lair:5)
  4 ice beasts
  49 orc warriors
  5 orc zombies (Orc:1)
  12 black bears
  24 ogres
  73 wolves
  2 phantoms (D:6)
  A centaur (D:8)
  A lemure (D:8)
  2 kobold brigands
  A kobold zombie (Orc:1)
  A cyclops zombie (Orc:1)
  11 bullfrogs
  A kobold skeleton (Orc:1)
  3 scorpions
  Dowan (D:6)
  29 killer bees
  4 electric eels
  3 howler monkeys (D:11)
  2 lava snakes (Lair:2)
  3 bombardier beetles (D:3)
  A gnoll bouda (D:8)
  3 hounds
  35 orc priests
  3 jellies (Lair:4)
  Jessica (D:2)
  8 iguanas
  21 orc wizards
  An ogre zombie (Orc:1)
  7 gnolls
  8 adders
  An ogre simulacrum (Orc:1)
  2 shadow imps (D:6)
  2 ufetubi (D:7)
  A ribbon worm (D:2)
  122 orcs
  An orc simulacrum (Orc:1)
  14 endoplasms
  6 giant cockroaches
  5 goblins
  5 hobgoblins
  9 jackals
  3 quokkas
  4 ball pythons
  4 bats
  5 frilled lizards
  16 kobolds
  8 rats
880 creatures vanquished.

Vanquished Creatures (others)
  A wyvern (Lair:5)
  A wolf (Lair:5)
  A kobold (D:12)
3 creatures vanquished.

Grand Total: 883 creatures vanquished

Notes
Turn   | Place    | Note
-------+----------+-------------------------------------------
     0 | D:1      | Peloso the Minotaur Fighter began the quest for the Orb.
     0 | D:1      | Reached XP level 1. HP: 19/19 MP: 0/0
   313 | D:1      | Reached XP level 2. HP: 27/27 MP: 1/1
   320 | D:1      | Reached skill level 4 in Armour
   864 | D:1      | Reached XP level 3. HP: 33/33 MP: 2/2
  1168 | D:2      | Noticed Jessica
  1177 | D:2      | Killed Jessica
  1183 | D:2      | Reached XP level 4. HP: 29/40 MP: 3/3
  2125 | D:3      | Found a shimmering altar of Xom.
  2126 | D:3      | Found an ornate altar of the Wu Jian Council.
  2126 | D:3      | Found a glowing silver altar of Zin.
  2127 | D:3      | Found a bloodstained altar of Trog.
  2128 | D:3      | Found Hoiff's Armour Shoppe.
  2160 | D:3      | Reached XP level 5. HP: 46/46 MP: 4/4
  2242 | D:3      | Found a faded altar of an unknown god.
  2512 | D:3      | Reached skill level 5 in Armour
  2662 | D:3      | Reached skill level 1 in Dodging
  2927 | D:3      | Reached skill level 5 in Long Blades
  2927 | D:3      | Reached XP level 6. HP: 10/53 MP: 5/5
  3479 | D:4      | Reached skill level 5 in Fighting
  3633 | D:4      | Reached XP level 7. HP: 49/61 MP: 6/6
  3958 | D:5      | Entered Level 5 of the Dungeon
  4018 | D:5      | Found a staircase to the Ecumenical Temple.
  4026 | D:5      | Reached skill level 6 in Armour
  4030 | Temple   | Entered the Ecumenical Temple
  4043 | Temple   | Became a worshipper of Warmaster Okawaru
  4168 | D:5      | Reached skill level 5 in Shields
  4483 | D:6      | Reached skill level 7 in Armour
  4516 | D:6      | Noticed Duvessa
  4516 | D:6      | Noticed Dowan
  4756 | D:6      | Reached XP level 8. HP: 65/70 MP: 7/7
  4783 | D:6      | You fall into a shaft and drop 1 floor!
  4803 | D:7      | Reached * piety under Okawaru
  5470 | D:6      | Reached skill level 1 in Stealth
  5499 | D:6      | Found a shadowy altar of Dithmenos.
  5527 | D:6      | Reached ** piety under Okawaru
  5632 | D:6      | Killed Duvessa
  5633 | D:6      | Reached skill level 8 in Armour
  5635 | D:6      | Killed Dowan
  5794 | D:6      | Reached XP level 9. HP: 78/78 MP: 8/8
  5989 | D:6      | Found Tuxeh's Distillery.
  5993 | D:6      | Bought a potion of berserk rage for 65 gold pieces
  6376 | D:8      | HP: 2/78 [ogre/+0 giant club (26)]
  6608 | D:7      | Reached skill level 9 in Armour
  6731 | D:8      | Noticed a two-headed ogre
  6745 | D:8      | Killed a two-headed ogre
  6745 | D:8      | Reached *** piety under Okawaru
  6746 | D:8      | Reached skill level 1 in Evocations
  6994 | D:8      | Reached skill level 10 in Long Blades
  7358 | D:9      | Noticed Pikel
  7380 | D:8      | Killed Pikel
  7381 | D:8      | Reached XP level 10. HP: 87/88 MP: 7/9
  7643 | D:9      | Noticed Jeremiah
  7698 | D:9      | Killed Jeremiah
  7737 | D:9      | Noticed Prince Ribbit
  7762 | D:9      | Killed Prince Ribbit
  8304 | D:9      | Paralysed by a hornet for 3 turns
  8673 | D:9      | Found a staircase to the Lair.
  8923 | D:9      | Reached skill level 10 in Armour
  9369 | D:10     | Entered Level 10 of the Dungeon
  9396 | D:9      | Reached **** piety under Okawaru
  9397 | D:9      | Reached skill level 1 in Invocations
  9671 | D:10     | Noticed a two-headed ogre
  9677 | D:10     | Killed a two-headed ogre
  9857 | D:10     | Identified the staff of Qalos {rF+ SInv Conj Fire Earth}
 10052 | D:10     | Noticed an obsidian statue
 10481 | D:11     | Noticed a two-headed ogre
 10492 | D:11     | Killed a two-headed ogre
 10493 | D:11     | Reached skill level 11 in Armour
 10493 | D:11     | Reached XP level 11. HP: 41/97 MP: 7/10
 10666 | D:10     | Reached ***** piety under Okawaru
 10930 | D:11     | Noticed Lodul
 10953 | D:11     | Killed Lodul
 10954 | D:11     | Reached skill level 10 in Fighting
 11384 | D:11     | Found a portal to a secret trove of treasure.
 11392 | D:11     | Identified the +7 mace "Spider's Nightmare" {flame, rPois}
 11558 | Lair:1   | Entered Level 1 of the Lair of Beasts
 11644 | Lair:1   | Received a gift from Okawaru
 11830 | Lair:1   | Reached skill level 12 in Armour
 12049 | Lair:1   | Received a gift from Okawaru
 12172 | Lair:1   | Reached XP level 12. HP: 70/108 MP: 12/12
 12289 | Lair:1   | Reached skill level 10 in Shields
 13310 | Lair:1   | Reached skill level 13 in Armour
 13416 | Lair:1   | Received a gift from Okawaru
 13841 | Lair:2   | Found a staircase to the Snake Pit.
 14529 | D:12     | Reached skill level 14 in Armour
 14548 | D:12     | Noticed Maurice
 14591 | D:12     | Noticed a centaur warrior
 14606 | D:12     | Killed a centaur warrior
 14606 | D:12     | Received a gift from Okawaru
 14699 | D:12     | Reached XP level 13. HP: 119/119 MP: 13/13
 14717 | D:12     | Noticed Sonja
 15044 | D:12     | Killed Sonja
 15180 | D:12     | Killed Maurice
 15295 | D:12     | Noticed Rupert
 15313 | D:12     | Killed Rupert
 15428 | D:12     | Found an opulent altar of Gozag.
 15709 | D:12     | Received a gift from Okawaru
 15903 | D:12     | Found a staircase to the Orcish Mines.
 16167 | Orc:1    | Entered Level 1 of the Orcish Mines
 16627 | Orc:1    | Reached skill level 15 in Armour
 16938 | Orc:1    | Found a runed translucent door.
 16966 | Orc:1    | Noticed TarVian's ghost (journeyman MiFi)
 17094 | Orc:2    | Entered Level 2 of the Orcish Mines
 17424 | Orc:2    | Reached skill level 15 in Long Blades
 17503 | Orc:2    | Found Sonym's Assorted Antiques.
 17535 | Orc:2    | Bought a bubbling emerald potion for 36 gold pieces
 17712 | Orc:2    | Found Beontiov's Distillery.
 17933 | Orc:2    | Received a gift from Okawaru
 18529 | Orc:2    | Found a staircase to the Elven Halls.
 18842 | Orc:2    | Noticed an orc warlord
 18864 | Orc:2    | Reached XP level 14. HP: 83/133 MP: 14/14
 18871 | Orc:2    | Killed an orc warlord
 19065 | Orc:2    | Found Aned's Distillery.
 19352 | Orc:2    | Bought a potion of heal wounds for 60 gold pieces
 19352 | Orc:2    | Bought a potion of heal wounds for 60 gold pieces
 19406 | Orc:2    | Found Suski's General Store.
 19458 | Orc:2    | Bought a scroll of enchant armour for 105 gold pieces
 19868 | Orc:1    | Found Nyeg's Magic Scroll Shop.
 19915 | Orc:1    | Bought a scroll of revelation for 97 gold pieces
 19915 | Orc:1    | Bought a scroll of enchant weapon for 97 gold pieces
 19915 | Orc:1    | Bought a scroll of identify for 26 gold pieces
 19915 | Orc:1    | Bought a scroll of identify for 26 gold pieces
 21312 | Lair:3   | Received a gift from Okawaru
 21363 | Lair:3   | Reached skill level 16 in Armour
 21526 | Lair:3   | Reached skill level 15 in Fighting
 21553 | Lair:3   | Found a staircase to the Swamp.
 22282 | D:13     | Noticed Nessos
 22951 | Lair:4   | Found a staircase to the Slime Pits.
 23032 | Lair:4   | Found a runed translucent door.
 23055 | Lair:4   | Received a gift from Okawaru
 25083 | Lair:4   | Got The Fundamentals of Spellweaving
 25084 | Lair:4   | Identified the amulet "Ymoquely" {Spirit Fly rC+}
 25097 | Lair:4   | Identified the +3 battleaxe of Starshine {protect, rElec
                  | rF+}
 25286 | Lair:2   | Identified the +0 pair of gloves of Charity {rElec MP+9
                  | Str-4 Dex+2}
 25515 | Lair:5   | Entered Level 5 of the Lair of Beasts
 25548 | Lair:5   | Reached XP level 15. HP: 55/144 MP: 7/16
 25560 | Lair:5   | Reached skill level 1 in Maces & Flails
 25847 | Lair:5   | Found a frozen archway.
 26026 | IceCv    | Entered an ice cave
 26196 | IceCv    | Reached skill level 17 in Armour
 26430 | IceCv    | Found the +4 skin of Zhor {*Englaciate rC+++ SInv}
 26876 | IceCv    | Noticed a frost giant
 26899 | IceCv    | Killed a frost giant
 26899 | IceCv    | Received a gift from Okawaru
 28267 | Lair:5   | Reached skill level 15 in Shields
 28872 | Lair:5   | Received a gift from Okawaru
 30510 | Lair:5   | Reached XP level 16. HP: 60/157 MP: 9/17
 30514 | Lair:5   | Received a gift from Okawaru
 31072 | Lair:5   | Reached skill level 18 in Armour
 31755 | D:13     | Hit by a large rock thrown by a cyclops

Illustrated notes

Levels and vault maps discovered:
D:1:      amcnicky_arrival_gap_in_the_tavern_cellar, layout_loops_corners,
          dk_noncrumbling_3
D:2:      layout_loops_corners, uniq_jessica
D:3:      layout_loops_cross, chequers_temple_overflow_statue_of_worship,
          hellmonk_ecumenical_altar_blasted, serial_shops, shop
D:4:      layout_loops_ring, minmay_stone_trees_medium
D:5:      layout_basic, nicolae_overflow_hidden_temple,
          minmay_temple_entry_proselytizer
D:6:      layout_gridville, grunt_dithmenos_smoke, serial_shops,
          nicolae_shop_pleasant_corner_grove, minmay_misc_feat_doors,
          uniq_duvessa
D:7:      layout_basic
D:8:      layout_cave_pools, special_room [special_room_orc],
          mrwooster_statue_mirror
D:9:      layout_gridville, lair_entry_dummy, serial_co_window_serial,
          co_window_corner_a, co_window_corner_a, co_window_corner_a,
          co_window_of_opportunity_a, co_window_corner_a, co_window_paths_a,
          co_window_corner_a, co_window_broadway_c, co_window_2corner,
          co_window_cross_4, co_window_broadway_a, co_window_paths_d,
          co_window_4corner_a, glass_columns_a, glass_columns_a,
          glass_columns_b, glass_columns_a, uniq_pikel, uniq_prince_ribbit1,
          uniq_jeremiah
D:10:     layout_cave_pools, minmay_misc_feat_rows, minivault_15, nicolae_titane
D:11:     layout_rooms, nicolae_trove_entry_crossroad, uniq_lodul
D:12:     layout_irregular_city, erik_orc_2, grunt_gozag_statues, uniq_rupert,
          uniq_maurice, uniq_sonja
D:13:     layout_cave_pools, fungi_pond_lemuel, minmay_fractal_squares_5,
          uniq_nessos
Temple:   regret_index_temple_sphere_string
Lair:1:   layout_hall_layers, special_room [special_room_bee]
Lair:2:   layout_chaotic_city, nicolae_snake_entry_warm_welcome,
          minmay_lindwurm_lava
Lair:3:   beast_lair_carwin_large_2, layout_regular_city, swamp_mist,
          grunt_megastairs_1, serial_bayou_shore_a
Lair:4:   gammafunk_mikee_crab_dinner, layout_regular_city,
          nicolae_slime_entry_slimehenge, grunt_megastairs_3,
          lemuel_fruit_fields
Lair:5:   hangedman_lair_caniforms_friends, layout_regular_city,
          hangedman_lair_tendril_chambers, portal_ice_cave_demonic_guard
Orc:1:    dreamdust_under_siege, layout_caves, ebering_ghost_reflecting_pool,
          serial_shops, shop
Orc:2:    pubby_orc_utopia

Skill      XL: |  1  2  3  4  5  6  7  8  9 10 11 12 13 14 15 16 |
---------------+-------------------------------------------------+-----
Fighting       | 4 5 6 7 9 10 12 14 16 17 | 17.8
Armour         | 4 5 7 8 9 11 12 14 15 16 17 18 | 18.0
Shields        | 4 5 6 8 9 11 13 14 15 | 15.4
Long Blades    | 3 4 5 6 8 10 12 14 15 16 17 | 17.3
Dodging        | 1 2 3 4 |  4.3
Stealth        | 1 |  1.9
Evocations     | 1 2 |  2.4
Invocations    | 1 2 3 |  3.1
Maces & Flails | 4 |  4.1

Action                     |  1- 3 |  4- 6 |  7- 9 | 10-12 | 13-15 | 16-18 || total
---------------------------+-------+-------+-------+-------+-------+-------++-------
  Melee: Long sword        |    83 |   161 |   288 |   925 |   218 |       ||  1675
         Headbutt          |     8 |    33 |    71 |   240 |   638 |    31 ||  1021
         Scimitar          |       |       |       |       |  1732 |    71 ||  1803
         Mace              |       |       |       |       |    83 |     4 ||    87
 Invoke: Heroism           |       |       |     3 |    20 |    32 |       ||    55
  Evoke: Wand              |       |     1 |    11 |    13 |    21 |       ||    46
    Use: Potion            |     5 |       |     2 |       |     9 |     2 ||    18
         Scroll            |       |       |     5 |    11 |    10 |     1 ||    27
   Stab: Distracted        |       |       |       |       |     1 |       ||     1
 Armour: Scale mail        |    76 |    40 |       |       |       |       ||   116
         Chain mail        |       |    79 |   204 |       |       |       ||   283
         Plate armour      |       |       |    41 |   903 |  1758 |    89 ||  2791
  Dodge: Dodged            |    40 |    79 |   114 |   414 |   860 |    49 ||  1556
  Block: Buckler           |    29 |    41 |   115 |   411 |   936 |    69 ||  1601
